 Dungeon Crawl Stone Soup version 0.21.1-1-g345015fe64 (webtiles) character file.

105 Hercules1031 the Skirmisher (level 4, -8/36 HPs)
             Began as a Demonspawn Chaos Knight on June 12, 2018.
             Mangled by an orc warrior
             ... wielding a +0 dire flail
              (19 damage)
             ... on level 3 of the Dungeon.
             The game lasted 00:19:30 (3328 turns).

Hercules1031 the Skirmisher (DsCK)                  Turns: 3328, Time: 00:19:31

Health: -8/36      AC:  7    Str: 13      XL:     4   Next: 54%
Magic:  0/4        EV: 12    Int: 11 (13) God:    Xom [..*...]
Gold:   174        SH:  0    Dex: 11 (13) Spells: 3/3 levels left

rFire    . . .     SeeInvis .   a - +0 mace (chaos)
rCold    . . .     Gourm    .   (no shield)
rNeg     . . .     Faith    .   b - +2 leather armour
rPois    .         Spirit   +   (no helmet)
rElec    .         Reflect  .   (no cloak)
rCorr    .         Harm     .   (no gloves)
MR       .....                  (no boots)
Stlth    +.........             (no amulet)
HPRegen  0.12/turn              (no ring)
MPRegen  0.09/turn              (no ring)

@: glowing
A: slimy green scales 1, magic shield
a: Renounce Religion


You were on level 3 of the Dungeon.
You worshipped Xom.
You were a toy of Xom.
You were very full.

You visited 1 branch of the dungeon, and saw 3 of its levels.

You collected 174 gold pieces.

Inventory:

Hand Weapons
 a - a +0 mace of chaos (weapon)
 l - a +1 long sword of freezing
Armour
 b - a +2 leather armour (worn)
Wands
 j - a wand of acid (7)
Scrolls
 d - a scroll of magic mapping
 e - a scroll of identify
 g - 3 scrolls of fog
 h - 4 scrolls of remove curse
Comestibles
 c - 7 rations


   Skills:
 * Level 3.6 Fighting
 * Level 3.5 Maces & Flails
 * Level 2.4 Armour
 * Level 1.8 Dodging
 + Level 0.3 Spellcasting
 + Level 0.3 Evocations


You had 3 spell levels left.
You didn't know any spells.

Dungeon Overview and Level Annotations

Branches:
Dungeon (3/15)

Altars:
Fedhas
Qazlal


Innate Abilities, Weirdness & Mutations

You are partially covered in slimy green scales. (AC +2)
When hurt, damage is shared between your health and your magic reserves.


Message History

You feel agile.
Unknown command.
You swap places.
Your adder dissolves into shadows!
An orc warrior comes into view. It is wielding a dire flail.
The orc warrior shouts!
An orc comes into view. It is wielding a hand axe.
The orc shouts!
An orc and an orc wizard come into view.
The orc shouts!
The orc warrior hits you with a dire flail!
You barely miss the orc warrior.
The orc warrior hits you with a dire flail.
* * * LOW HITPOINT WARNING * * *
The orc hits you but does no damage.
You barely miss the orc warrior.
The orc warrior hits you with a dire flail!!
Ouch! That really hurt!
You die...
Xom thinks this is hilarious!

.........................>...#.##
####....#.###########.###....#...
...#....#.# #.# #....####
...#....#.# #.###.#......
...#....#.# #............
...#....#.###############.###.###
..............................#
...#....#.##....#########.###.#
...#....#......o@.........# *.#
...#....#..#...o########### #.#
...#....#..####.....# #.#
...#....#..# #.....# #.#
####....#..# #.....#***** #.#
####....#..# #.o...#,,,,* #.#
...........# #.....#,,,,* #.#
..........#####.....#,...####.###
.................................


You could see an orc warrior and an orc.

Vanquished Creatures
  The ghost of Mesmodan the Sneak, an amateur SpEn (D:3)
  2 adders (D:2)
  A dart slug (D:1)
  4 leopard geckos
  2 giant cockroaches
  5 goblins
  2 hobgoblins
  3 ball pythons
  7 bats
  A frilled lizard (D:2)
  5 kobolds
  5 rats
38 creatures vanquished.

Notes
Turn   | Place    | Note
-------+----------+-------------------------------------------
     0 | D:1      | Hercules1031 the Demonspawn Chaos Knight began the quest for the Orb.
     0 | D:1      | Reached XP level 1. HP: 18/18 MP: 1/1
   148 | D:1      | Reached skill level 1 in Dodging
   375 | D:1      | Gained mutation: You are partially covered in slimy green scales. (AC +2) [demonic ancestry]
   375 | D:1      | Reached XP level 2. HP: 13/24 MP: 2/2
   597 | D:1      | XOM: divination: magic mapping
   643 | D:1      | XOM: divination: magic mapping
   980 | D:1      | XOM: harmless Conj miscast
  1344 | D:2      | Gained mutation: When hurt, damage is shared between your health and your magic reserves. [demonic ancestry]
  1344 | D:2      | Reached XP level 3. HP: 24/29 MP: 3/3
  1610 | D:2      | XOM: noise
  1639 | D:2      | Found a blossoming altar of Fedhas.
  1826 | D:2      | XOM is BORED!
  2060 | D:2      | XOM: summons 1 hostile demon
  2180 | D:2      | XOM: mild Conj miscast
  2367 | D:3      | Found a stormy altar of Qazlal.
  3048 | D:3      | XOM: mild Air miscast
  3179 | D:3      | Noticed Mesmodan's ghost (amateur SpEn)
  3182 | D:3      | XOM: noise
  3240 | D:3      | XOM: confusion (+ monsters)
  3265 | D:3      | XOM: blink monster(s)
  3276 | D:3      | XOM: cast spell 'Shadow Creatures'
  3277 | D:3      | XOM: cast spell 'Leda's Liquefaction'
  3305 | D:3      | Killed Mesmodan's ghost
  3305 | D:3      | Reached XP level 4. HP: 27/36 MP: 4/4
  3321 | D:3      | Noticed an orc warrior
  3328 | D:3      | Mangled by an orc warrior

Skill      XL: |  1  2  3 |
---------------+----------+-----
Dodging        | 1 |  1.8
Maces & Flails | 3 |  3.5
Armour         | 2 |  2.4
Fighting       | |  3.6
Spellcasting   | |  0.3
Evocations     | |  0.3

Action                   |  1- 3 |  4- 6 || total
-------------------------+-------+-------++-------
Melee: Mace              |   194 |     2 ||   196
  Use: Potion            |     8 |       ||     8
       Scroll            |     7 |       ||     7
  Eat: Ration            |     5 |       ||     5
Armor: Leather armour    |   127 |       ||   127
Dodge: Dodged            |   127 |       ||   127
